 Dungeon Crawl Stone Soup version 0.29.0-4-gdea44cf6ec (webtiles) character file.

Game seed: 14686210640176958621

37 qw the Ruffian (level 3, -2/28 HPs)
             Began as a Ghoul Fire Elementalist on Aug 29, 2022.
             Slain by Terence
             ... wielding a +0 mace
              (4 damage)
             ... on level 2 of the Dungeon.
             The game lasted 00:01:14 (1293 turns).

qw the Ruffian (Ghoul Fire Elementalist)            Turns: 1293, Time: 00:01:15

Health: -2/28      AC:  5    Str: 13    XL:     3   Next: 39%
Magic:  4/4        EV: 11    Int: 10    God:
Gold:   68         SH:  0    Dex:  9    Spells: 4/5 levels left

rFire   . . .      SeeInvis .     - Unarmed
rCold   + . .      Faith    .   (no shield)
rNeg    + + +      Spirit   .   d - +0 leather armour
rPois   inf        Reflect  .   (no helmet)
rElec   .          Harm     .   k - +0 cloak
rCorr   .          Rampage  .   (no gloves)
Will    .....                   m - +0 pair of boots
Stlth   +.........              (no amulet)
HPRegen 0.00/turn               (no ring)
MPRegen 0.09/turn               (no ring)

@: inhibited regen
A: claws 1, cold resistance 1, negative energy resistance 3, inhibited
regeneration, torment resistance 2, devour on kill
a: no special abilities


You were on level 2 of the Dungeon.
You visited 1 branch of the dungeon, and saw 2 of its levels.

You collected 68 gold pieces.


Innate Abilities, Weirdness & Mutations

You are immune to poison.
You have sharp fingernails.
Your flesh is cold resistant. (rC+)
You are immune to negative energy. (rN+++)
You do not regenerate when monsters are visible.
You are immune to unholy pain and torment.
You thrive by killing the living.


   Skills:
 - Level 1.2 Fighting
 - Level 1.7 Dodging
 - Level 2.1 Stealth
 + Level 2.8 Unarmed Combat
 - Level 1.7 Spellcasting
 - Level 0.7 Conjurations
 - Level 2.4 Fire Magic


You had 4 spell levels left.
You knew the following spells:

 Your Spells              Type           Power      Damage    Failure   Level
a - Foxfire               Conj/Fire      16%        2x1d4     22%         1

Your spell library contained the following spells:

 Spells                   Type           Power      Damage    Failure   Level
 Scorch                   Fire           10%        2d5       22%         2
 Conjure Flame            Conj/Fire      4%         6-21      54%         3
 Inner Flame              Hex/Fire       3%         N/A       58%         3
 Flame Wave               Conj/Fire      4%         2d5       91%         4

Inventory:

Armour
 b - a +0 buckler
 d - a +0 leather armour (worn)
 k - a +0 cloak (worn)
 m - a +0 pair of boots (worn)
Scrolls
 a - a scroll of summoning {unknown}
 h - a scroll of identify
Potions
 c - 2 potions of ambrosia {unknown}
 f - a potion of mutation {unknown}
 l - a potion of resistance {unknown}

Dungeon Overview and Level Annotations

Branches:
Dungeon (2/15)

Altars:

Annotations:
D:2 Terence


Message History

1278 ||| Stepping ~*~*~tactically~*~*~ (outnumbered).
1279 ||| Stepping ~*~*~tactically~*~*~ (outnumbered).
The hobgoblin attacks as you move away! The hobgoblin barely misses you.
1280 ||| Stepping ~*~*~tactically~*~*~ (outnumbered).
1281 ||| Stepping ~*~*~tactically~*~*~ (outnumbered).
The hobgoblin attacks as you move away! The hobgoblin completely misses you.
1282 ||| Stepping ~*~*~tactically~*~*~ (outnumbered).
The hobgoblin attacks as you move away!
The hobgoblin hits you but does no damage.
Terence attacks as you move away! Terence barely misses you.
1283 ||| Stepping ~*~*~tactically~*~*~ (outnumbered).
The hobgoblin attacks as you move away! The hobgoblin closely misses you.
1284 ||| Stepping ~*~*~tactically~*~*~ (outnumbered).
You see here a rat corpse.
1285 ||| Stepping ~*~*~tactically~*~*~ (outnumbered).
1286 ||| Stepping ~*~*~tactically~*~*~ (outnumbered).
The hobgoblin attacks as you move away! The hobgoblin barely misses you.
You scratch Terence.
Terence is lightly wounded.
Terence hits you with a +0 mace.
1288 ||| Stepping ~*~*~tactically~*~*~ (outnumbered).
Terence attacks as you move away! Terence hits you with a +0 mace.
There is an open door here.
You scratch the hobgoblin.
The hobgoblin is moderately wounded.
The hobgoblin hits you with a +0 hand axe.
1290 ||| Stepping ~*~*~tactically~*~*~ (outnumbered).
The hobgoblin attacks as you move away!
The hobgoblin hits you with a +0 hand axe.
Terence says, "Time to say good-bye..."
You scratch Terence but do no damage.
Terence is lightly wounded.
Terence hits you with a +0 mace.
You scratch Terence.
Terence is lightly wounded.
Terence hits you with a +0 mace.
You barely miss Terence.
Terence is lightly wounded.
Terence hits you with a +0 mace.
You die...

..... ..... .....######
..........#### .............#
.............# .............#
.............###################
.............'.>@..............#
............%##@#############.##
..........#....g.# #.#
..........#......# #.#
..........#......# #.#
..........#......# #.#
..........#......# #.#
.....######......# #.# .....#
#......# #.#


You could see Terence and a hobgoblin.

Vanquished Creatures
  An adder (D:2)
  3 bats
  3 endoplasms (D:2)
  4 goblins
  A hobgoblin (D:1)
  2 kobolds (D:1)
  2 quokkas
  3 ball pythons
  3 frilled lizards (D:1)
  4 rats
26 creatures vanquished.

Notes
Turn   | Place    | Note
-------+----------+-------------------------------------------
     0 | D:1      | qw the Ghoul Fire Elementalist began the quest for the Orb.
     0 | D:1      | Reached XP level 1. HP: 14/14 MP: 2/2
     0 | D:1      | 0 ||| qw: Version: 0.1-a-90-g952f4b7
     0 | D:1      | 0 ||| qw: Game counter: 4207
     0 | D:1      | 0 ||| qw: Always use a shield: true
     0 | D:1      | 0 ||| qw: God list: Okawaru
     0 | D:1      | 0 ||| qw: Allow faded altars: false
     0 | D:1      | 0 ||| qw: Do Orc after D:15 true
     0 | D:1      | 0 ||| qw: Do second Lair branch before Depths: true
     0 | D:1      | 0 ||| qw: Lair rune preference: random
     0 | D:1      | 0 ||| qw: Plans: Normal
     0 | D:1      | 0 ||| PLANNING D:1-11
   254 | D:1      | Reached skill level 1 in Unarmed Combat
   366 | D:1      | Reached skill level 1 in Fighting
   366 | D:1      | Reached XP level 2. HP: 23/23 MP: 3/3
   408 | D:1      | 408 ||| Stepping ~*~*~tactically~*~*~ (stealth).
   439 | D:1      | Found a faded altar of an unknown god.
   552 | D:1      | 552 ||| Stepping ~*~*~tactically~*~*~ (stealth).
   881 | D:1      | 881 ||| UPGRADING to +0 leather armour.
   891 | D:1      | 891 ||| DROPPING +0 robe.
   892 | D:1      | 892 ||| UPGRADING to +0 cloak.
   897 | D:1      | 897 ||| UPGRADING to +0 pair of boots.
   902 | D:1      | 902 ||| READING scroll labelled JION NIHETHO.
  1003 | D:1      | 1003 ||| READING 2 scrolls labelled QACLYI CIAGEH.
  1004 | D:1      | 1004 ||| READING scroll labelled SEMUYH IFYFFASK.
  1007 | D:1      | 1007 ||| READING scroll labelled COFUDI TULULID.
  1008 | D:1      | 1008 ||| READING scroll labelled RIUTISM LICEDGH.
  1009 | D:1      | 1009 ||| DROPPING potion of magic.
  1110 | D:2      | Reached XP level 3. HP: 28/28 MP: 4/4
  1261 | D:2      | Noticed Terence
  1267 | D:2      | 1267 ||| Stepping ~*~*~tactically~*~*~ (outnumbered).
  1268 | D:2      | 1268 ||| Stepping ~*~*~tactically~*~*~ (outnumbered).
  1270 | D:2      | 1270 ||| Stepping ~*~*~tactically~*~*~ (outnumbered).
  1271 | D:2      | 1271 ||| Stepping ~*~*~tactically~*~*~ (outnumbered).
  1272 | D:2      | 1272 ||| Stepping ~*~*~tactically~*~*~ (outnumbered).
  1273 | D:2      | 1273 ||| Stepping ~*~*~tactically~*~*~ (outnumbered).
  1274 | D:2      | 1274 ||| Stepping ~*~*~tactically~*~*~ (outnumbered).
  1275 | D:2      | 1275 ||| Stepping ~*~*~tactically~*~*~ (outnumbered).
  1276 | D:2      | 1276 ||| Stepping ~*~*~tactically~*~*~ (outnumbered).
  1278 | D:2      | 1278 ||| Stepping ~*~*~tactically~*~*~ (outnumbered).
  1279 | D:2      | 1279 ||| Stepping ~*~*~tactically~*~*~ (outnumbered).
  1280 | D:2      | 1280 ||| Stepping ~*~*~tactically~*~*~ (outnumbered).
  1281 | D:2      | 1281 ||| Stepping ~*~*~tactically~*~*~ (outnumbered).
  1282 | D:2      | 1282 ||| Stepping ~*~*~tactically~*~*~ (outnumbered).
  1283 | D:2      | 1283 ||| Stepping ~*~*~tactically~*~*~ (outnumbered).
  1284 | D:2      | 1284 ||| Stepping ~*~*~tactically~*~*~ (outnumbered).
  1285 | D:2      | 1285 ||| Stepping ~*~*~tactically~*~*~ (outnumbered).
  1286 | D:2      | 1286 ||| Stepping ~*~*~tactically~*~*~ (outnumbered).
  1288 | D:2      | 1288 ||| Stepping ~*~*~tactically~*~*~ (outnumbered).
  1290 | D:2      | 1290 ||| Stepping ~*~*~tactically~*~*~ (outnumbered).
  1292 | D:2      | HP: 2/28 [Terence/+0 mace (6)]
  1293 | D:2      | Slain by Terence

Levels and vault maps discovered:
D:1:      nicolae_arrival_somewhat_less_tricky_arrival, layout_basic,
          hellmonk_ecumenical_altar_lost_god
D:2:      layout_basic, uniq_terence

Skill      XL: |  1  2 |
---------------+-------+-----
Unarmed Combat | 1 2 |  2.8
Fighting       | 1 |  1.2
Dodging        | |  1.7
Stealth        | |  2.1
Spellcasting   | |  1.7
Conjurations   | |  0.7
Fire Magic     | |  2.4

Action                   || total
-------------------------++-------
Melee: Unarmed           ||    69
       Punch             ||     3
  Use: Scroll            ||     5
Armor: Robe              ||     5
       Leather armour    ||    10
Dodge: Dodged            ||    31

Table legend:
 A = Non-vault XP
 B = Vault XP
 C = Vault XP percentage of total XP
 D = Non-vault monster count
 E = Vault monster count
 F = Vault count percentage of total count
                 A         B        C        D         E       F
            +---------+---------+-------+---------+---------+-------
      Total |      53 |       0 |   0.0 |      26 |       0 |   0.0
            +---------+---------+-------+---------+---------+-------
        D:1 |      23 |       0 |   0.0 |      15 |       0 |   0.0
        D:2 |      30 |       0 |   0.0 |      11 |       0 |   0.0
            +---------+---------+-------+---------+---------+-------
